[Event "Team 45 45 League T96"]
[Site "Internet Chess Club"]
[Date "2023.05.27"]
[Round "3"]
[White "BrerRabbit"]
[Black "jfkingiii"]
[Result "1/2-1/2"]
[WhiteElo "1389"]
[BlackElo "1438"]
[Opening "Queen's pawn game, Darooha variation "]
[ECO "D02"]
[Time "19:01:30"]
[PlyCount "77"]
[TimeControl "2700+45"]

1. d4 d5 2. Nf3 Nf6 3. g3 c6 4. Bg2 Bf5 5. c4 e6 6. Nc3 Be7 7. Qb3 Qb6 8. c5
Qxb3 9. axb3 O-O 10. b4 Nbd7 11. Nh4 Rfe8 12. Nxf5 exf5 13. O-O Ne4 14. Bf4 Bf6
15. Be3 Nf8 16. Rfd1 a6 17. h4 Ne6 18. Rd3 Nc7 19. Bf4 Nxc3 20. bxc3 Nb5 21. Kf1
Re7 22. Rc1 Rae8 23. Re3 Rxe3 24. Bxe3 Ra8 25. Bd2 a5 26. Ra1 a4 27. e3 Kf8 28.
Bf3 Ke8 29. Bd1 a3 30. Bc2 g6 31. Ke2 Bd8 32. Kd3 b6 33. cxb6 Bxb6 34. Bc1 Kd7
35. Bb3 Kd6 36. Kc2 h5 37. Kd3 Kd7 38. Kc2 Kd6 39. Kd3 {Game drawn by mutual
agreement} 1/2-1/2

[Event "Team 45 45 League T96"]
[Site "Internet Chess Club"]
[Date "2023.05.30"]
[Round "3"]
[White "Constrictor"]
[Black "sdcohle"]
[Result "1/2-1/2"]
[WhiteElo "1437"]
[BlackElo "1346"]
[Opening "Queen's pawn game, Darooha variation "]
[ECO "D11"]
[Time "20:00:38"]
[PlyCount "149"]
[TimeControl "2700+45"]

1. Nf3 d5 2. d4 Nf6 3. c4 c6 4. g3 e6 5. Qc2 Bd6 6. Bg2 Nbd7 7. O-O O-O 8. b3 e5
9. dxe5 Nxe5 10. Bb2 Nxf3+ 11. Bxf3 dxc4 12. Qxc4 Be6 13. Qc2 Be7 14. Na3 Rc8
15. Nc4 Bxc4 16. Qxc4 Qc7 17. Rad1 Rfd8 18. e4 Nd7 19. Bg4 Nb6 20. Qc2 Rxd1 21.
Rxd1 Rd8 22. Bc3 Rxd1+ 23. Qxd1 Qd6 24. Qa1 f6 25. e5 Qd8 26. exf6 Bxf6 27. Bxf6
gxf6 28. Qe1 Nd5 29. Qe6+ Kg7 30. Bf3 Ne7 31. Be2 Ng6 32. Qe4 Qe7 33. Qxe7+ Nxe7
34. Bc4 b6 35. Kf1 c5 36. Ke2 f5 37. Ke3 Kf6 38. Kf4 Ng6+ 39. Ke3 Ke5 40. f4+
Kf6 41. a4 a5 42. h3 h6 43. g4 fxg4 44. hxg4 Ne7 45. Ke4 Nc6 46. Kd5 Ne7+ 47.
Kd6 Ng6 48. g5+ hxg5 49. fxg5+ Kf5 50. Kc6 Ne5+ 51. Kxb6 Kxg5 52. Kxc5 Kf6 53.
Kb5 Ke7 54. Kxa5 Kd6 55. Kb6 Nd7+ 56. Kb5 Kc7 57. a5 Kb7 58. a6+ Ka7 59. Ka5 Nb6
60. Be6 Na8 61. Bc4 Nc7 62. b4 Na8 63. Kb5 Nc7+ 64. Kc6 Nxa6 65. Bxa6 Kxa6 66.
b5+ Ka7 67. Kc7 Ka8 68. Kb6 Kb8 69. Ka6 Ka8 70. b6 Kb8 71. Ka5 Kb7 72. Kb5 Kb8
73. Ka6 Ka8 74. b7+ Kb8 75. Kb6 {Black stalemated} 1/2-1/2

[Event "Team 45 45 League T96"]
[Site "Internet Chess Club"]
[Date "2023.05.26"]
[Round "3"]
[White "BIRDSMAN"]
[Black "rjhoro"]
[Result "1-0"]
[WhiteElo "1363"]
[BlackElo "1164"]
[Opening "Queen's pawn game"]
[ECO "D05"]
[Time "18:31:07"]
[PlyCount "69"]
[TimeControl "2700+45"]

1. d4 Nf6 2. Nf3 d5 3. e3 e6 4. Bd3 Bd6 5. Nbd2 O-O 6. O-O b6 7. e4 dxe4 8. Nxe4
Nxe4 9. Bxe4 c6 10. Re1 Qc7 11. c3 Ba6 12. b3 Nd7 13. Bb2 Nf6 14. Bd3 Bxd3 15.
Qxd3 Rad8 16. Qc2 Rfe8 17. c4 c5 18. Rad1 Re7 19. dxc5 bxc5 20. h3 e5 21. Ng5 h6
22. Ne4 Nxe4 23. Qxe4 Re6 24. Rd5 Rde8 25. Red1 Qb8 26. Qd3 e4 27. Qe2 Be5 28.
Rxc5 Bxb2 29. Qxb2 e3 30. fxe3 Rxe3 31. Rcd5 Re1+ 32. Rxe1 Rxe1+ 33. Kf2 Qe8 34.
Qd2 Qc6 35. Kxe1 {Black resigns} 1-0

[Event "Team 45 45 League T96"]
[Site "Internet Chess Club"]
[Date "2023.05.26"]
[Round "3"]
[White "clarinetref"]
[Black "Signofthetimes"]
[Result "1/2-1/2"]
[WhiteElo "1494"]
[BlackElo "1563"]
[Opening "Caro-Kann defense"]
[ECO "B10"]
[Time "21:02:31"]
[PlyCount "59"]
[TimeControl "2700+45"]

1. e4 c6 2. Nf3 d5 3. exd5 cxd5 4. Ne5 Nf6 5. d4 Bf5 6. Bb5+ Bd7 7. Qe2 e6 8.
O-O Qb6 9. Nxd7 Nbxd7 10. c3 Be7 11. a4 a6 12. Bd3 O-O 13. a5 Qc7 14. Bg5 Bd6
15. g3 Rfe8 16. Bxf6 Nxf6 17. f4 g6 18. Nd2 Kg7 19. Nf3 Nd7 20. Ne5 f6 21. Nxd7
Qxd7 22. Qf3 Rf8 23. b3 Qc6 24. c4 dxc4 25. Qxc6 bxc6 26. Bxc4 e5 27. dxe5 fxe5
28. fxe5 Bxe5 29. Rxf8 Rxf8 30. Rf1 {Game drawn by mutual agreement} 1/2-1/2

[Event "Team 45 45 League T96"]
[Site "Internet Chess Club"]
[Date "2023.05.29"]
[Round "3"]
[White "herrahuu"]
[Black "Kingofknights"]
[Result "0-1"]
[WhiteElo "1453"]
[BlackElo "1562"]
[Opening "Caro-Kann: advance variation"]
[ECO "B12"]
[Time "11:30:17"]
[PlyCount "80"]
[TimeControl "2700+45"]

1. e4 c6 2. d4 d5 3. e5 c5 4. dxc5 Nc6 5. f4 Qa5+ 6. c3 Qxc5 7. b4 Qb6 8. Qxd5
Be6 9. Qd3 Rd8 10. Qe3 Qc7 11. b5 Na5 12. Qxa7 Nh6 13. Be3 Qd7 14. Nd2 Nf5 15.
Ngf3 Nxe3 16. Qxe3 Qc7 17. b6 Qc8 18. Bb5+ Bd7 19. Nd4 e6 20. Ne4 Bxb5 21. Nxb5
Nc4 22. Nc7+ Kd7 23. Rd1+ Kc6 24. Rxd8 Qxd8 25. Qf2 Nxb6 26. Nb5 Kxb5 27. Qb2+
Kc6 28. O-O Qd5 29. Ng5 Bc5+ 30. Kh1 f6 31. Nf7 Ra8 32. Ra1 Qd7 33. Nd6 Bxd6 34.
exd6 Qxd6 35. Rb1 Qc5 36. g4 Ra5 37. c4 Ra4 38. Qg2+ Kc7 39. f5 exf5 40. gxf5
Qc6 {White resigns} 0-1

[Event "Team 45 45 League T96"]
[Site "Internet Chess Club"]
[Date "2023.05.28"]
[Round "3"]
[White "kingphisch"]
[Black "Electryon"]
[Result "1-0"]
[WhiteElo "1323"]
[BlackElo "1406"]
[Opening "Sicilian: Grand Prix attack"]
[ECO "B23"]
[Time "14:04:41"]
[PlyCount "73"]
[TimeControl "2700+45"]

1. e4 c5 2. Nc3 Nc6 3. f4 g6 4. Bc4 Bg7 5. Nf3 e6 6. O-O Nge7 7. d3 d5 8. Bb3
O-O 9. Qe1 Nd4 10. e5 Nef5 11. Qf2 b5 12. a3 b4 13. axb4 Nxb3 14. cxb3 cxb4 15.
Ne2 a5 16. g4 Ne7 17. Be3 Ba6 18. Rfd1 f6 19. Bb6 Qd7 20. Qc5 Nc6 21. Rac1 Rac8
22. Qd6 Qxd6 23. exd6 Nb8 24. Ned4 Kf7 25. Bxa5 e5 26. Ne2 exf4 27. Bxb4 f5 28.
gxf5 gxf5 29. Ned4 Rxc1 30. Rxc1 Bxd3 31. Rc7+ Kg6 32. d7 Rd8 33. Rc8 Bf6 34.
Ne6 Rxd7 35. Rxb8 Ra7 36. Nxf4+ Kh6 37. Nxd3 {Black resigns} 1-0

[Event "Team 45 45 League T96"]
[Site "Internet Chess Club"]
[Date "2023.06.03"]
[Round "3"]
[White "pmarcal"]
[Black "martineden"]
[Result "1-0"]
[WhiteElo "1738"]
[BlackElo "1819"]
[Opening "Queen's pawn, Mason variation"]
[ECO "D00"]
[Time "11:00:30"]
[PlyCount "69"]
[TimeControl "2700+45"]

1. d4 d5 2. Bf4 Nf6 3. e3 e6 4. Nf3 c5 5. c3 Nc6 6. Bd3 cxd4 7. cxd4 Nh5 8. Bg3
Bd7 9. Nc3 Be7 10. Ne5 Nxg3 11. Nxc6 Bxc6 12. hxg3 h6 13. Qg4 Bf6 14. O-O Qd6
15. a3 O-O-O 16. b4 h5 17. Qe2 h4 18. g4 g5 19. b5 Bd7 20. b6 Qxb6 21. Rab1 Qd6
22. Qb2 Bc6 23. Na4 b6 24. Rfc1 Kd7 25. Rxc6 Kxc6 26. Qb5+ Kb7 27. Qa6+ Kb8 28.
Nxb6 Qxb6 29. Rxb6+ axb6 30. Qxb6+ Ka8 31. Bb5 Rc8 32. Bc6+ Rxc6 33. Qxc6+ Kb8
34. Qd7 Rh7 35. a4 {Black resigns} 1-0

[Event "Team 45 45 League T96"]
[Site "Internet Chess Club"]
[Date "2023.05.26"]
[Round "3"]
[White "fishhead"]
[Black "ghowell"]
[Result "0-1"]
[WhiteElo "1642"]
[BlackElo "1636"]
[Opening "Ruy Lopez: Caro variation"]
[ECO "C70"]
[Time "12:00:31"]
[PlyCount "72"]
[TimeControl "2700+45"]

1. e4 e5 2. Nf3 Nc6 3. Bb5 a6 4. Ba4 b5 5. Bb3 Nf6 6. O-O Bc5 7. Nxe5 Nxe5 8. d4
Bxd4 9. Qxd4 d6 10. c3 c5 11. Qe3 O-O 12. f3 Bb7 13. Rd1 c4 14. Bc2 Qc7 15. Qg5
d5 16. Bf4 Rfe8 17. Nd2 dxe4 18. fxe4 Qb6+ 19. Be3 Qe6 20. Re1 Neg4 21. Bd4 h6
22. Qf4 Rad8 23. h3 Ne5 24. Re3 Nd3 25. Bxd3 cxd3 26. Bxf6 Qxf6 27. Qxf6 gxf6
28. g4 h5 29. Kf2 hxg4 30. hxg4 Kg7 31. Kg3 Kg6 32. Rf1 Bc8 33. Kf4 Rh8 34. Rff3
Rh2 35. Nb3 d2 36. Rd3 d1=Q {White resigns} 0-1

[Event "Team 45 45 League T96"]
[Site "Internet Chess Club"]
[Date "2023.05.25"]
[Round "3"]
[White "magiclydonkey"]
[Black "zethhon"]
[Result "1-0"]
[WhiteElo "1439"]
[BlackElo "1497"]
[Opening "Sicilian: Kan, 5.Bd3"]
[ECO "B42"]
[Time "22:00:24"]
[PlyCount "54"]
[TimeControl "2700+45"]

1. e4 c5 2. Nf3 e6 3. d4 cxd4 4. Nxd4 a6 5. Bd3 b5 6. a4 b4 7. O-O Qc7 8. Be3
Nf6 9. Nd2 Be7 10. f4 d6 11. Qe2 O-O 12. Kh1 Nbd7 13. N2f3 Bb7 14. e5 dxe5 15.
fxe5 Nxe5 16. Bf4 Rfd8 17. Bxe5 Qb6 18. a5 Qc5 19. Nb3 Qd5 20. Rad1 Qc6 21. Nfd4
Qd7 22. Bc4 Qc8 23. Nxe6 fxe6 24. Bxf6 Bxg2+ 25. Kxg2 Qc6+ 26. Qf3 Qxf3+ 27.
Kxf3 Bxf6 {Black resigns} 1-0

[Event "Team 45 45 League T96"]
[Site "Internet Chess Club"]
[Date "2023.05.26"]
[Round "3"]
[White "Pruett1988"]
[Black "Portola"]
[Result "1-0"]
[WhiteElo "1682"]
[BlackElo "1737"]
[Opening "Nimzovich-Larsen attack"]
[ECO "A01"]
[Time "20:00:19"]
[PlyCount "107"]
[TimeControl "2700+45"]

1. b3 Nc6 2. Bb2 e5 3. e3 Bb4 4. f4 d6 5. Nf3 Qe7 6. fxe5 dxe5 7. Bb5 f6 8. Nc3
Bxc3 9. Bxc3 Bd7 10. e4 O-O-O 11. Bb2 Nh6 12. Qe2 Qc5 13. O-O-O Nb4 14. Bxd7+
Rxd7 15. d4 exd4 16. Bxd4 Qa5 17. a4 Rhd8 18. Kb2 Nc6 19. Bc3 Qc5 20. Rxd7 Rxd7
21. Rd1 Rxd1 22. Qxd1 Qf2 23. Qd5 Qxg2 24. e5 fxe5 25. Qe6+ Kd8 26. Nxe5 Nb8 27.
Bb4 Qg5 28. Qd5+ Ke8 29. Bd2 Qf6 30. Bxh6 gxh6 31. Ka2 Ke7 32. Ng4 Qe6 33. Qc5+
Qd6 34. Qxa7 Nc6 35. Qe3+ Kd7 36. Nxh6 Nb4+ 37. Kb2 Nd5 38. Qd4 c5 39. Qg7+ Kc6
40. Ng4 Kb6 41. Qxh7 c4 42. Qh6 c3+ 43. Kc1 Qxh6+ 44. Nxh6 Nf4 45. Nf5 Nh3 46.
Nd6 Kc6 47. Nb5 Kc5 48. Nxc3 b6 49. Kb2 Kd4 50. Nd1 Kc5 51. c3 Kc6 52. Kc2 Kd6
53. Kd2 Kc5 54. Ke3 {Black resigns} 1-0

[Event "Team 45 45 League T96"]
[Site "Internet Chess Club"]
[Date "2023.05.26"]
[Round "3"]
[White "VictorRed"]
[Black "Lawkeito"]
[Result "0-1"]
[WhiteElo "1651"]
[BlackElo "1726"]
[Opening "Queen's pawn game, Darooha variation "]
[ECO "D02"]
[Time "21:04:12"]
[PlyCount "124"]
[TimeControl "2700+45"]

1. d4 d5 2. Nf3 Nf6 3. g3 Bf5 4. Bg2 c6 5. O-O h6 6. Nc3 e6 7. Nh4 Bh7 8. Re1
Bb4 9. Bd2 O-O 10. a3 Ba5 11. b4 Bc7 12. e3 Nbd7 13. e4 dxe4 14. Nxe4 Nb6 15.
Nxf6+ Qxf6 16. c3 e5 17. Be3 Nc4 18. Qe2 Nxe3 19. fxe3 Rfe8 20. Rf1 Qe6 21. Qf2
exd4 22. exd4 Qe3 23. Kh1 Qxf2 24. Rxf2 Be4 25. Nf3 Bd5 26. Nd2 b5 27. Bxd5 cxd5
28. Raf1 f6 29. Rf5 Rad8 30. Nb3 Re3 31. R1f3 Rxf3 32. Rxf3 Kf7 33. Re3 Re8 34.
Rxe8 Kxe8 35. Kg2 Ke7 36. Kf3 Ke6 37. Nc5+ Kf7 38. h3 f5 39. h4 g5 40. hxg5 hxg5
41. a4 bxa4 42. Nxa4 g4+ 43. Kf2 Kf6 44. Nc5 f4 45. gxf4 Kf5 46. b5 Bxf4 47. Ke2
Bd6 48. Nd3 Ke4 49. Nf2+ Kf4 50. Nd3+ Kg3 51. Ne5 Kh3 52. Kf2 g3+ 53. Kg1 g2 54.
Nf3 Bf4 55. Kf2 Bh2 56. Ng5+ Kg4 57. Kxg2 Kxg5 58. Kxh2 Kf4 59. Kg2 Ke3 60. Kg3
Kd3 61. Kf4 Kxc3 62. Ke5 Kc4 {White resigns} 0-1

[Event "Team 45 45 League T96"]
[Site "Internet Chess Club"]
[Date "2023.05.28"]
[Round "3"]
[White "fishhead"]
[Black "jfkingiii"]
[Result "1-0"]
[WhiteElo "1650"]
[BlackElo "1430"]
[Opening "Petrov: Cochrane gambit"]
[ECO "C42"]
[Time "19:00:25"]
[PlyCount "37"]
[TimeControl "2700+45"]

1. e4 e5 2. Nf3 Nf6 3. Nxe5 d6 4. Nxf7 Kxf7 5. Bc4+ d5 6. exd5 Bd6 7. O-O Re8 8.
d4 Kg8 9. Bg5 Bxh2+ 10. Kxh2 Ng4+ 11. Qxg4 Bxg4 12. Bxd8 Rxd8 13. d6+ Kh8 14.
dxc7 Rd6 15. cxb8=Q+ Rxb8 16. c3 Rh6+ 17. Kg3 Bd7 18. f3 Re8 19. Nd2 {Black
resigns} 1-0

[Event "Team 45 45 League T96"]
[Site "Internet Chess Club"]
[Date "2023.05.27"]
[Round "3"]
[White "kabindra"]
[Black "cayo89"]
[Result "1/2-1/2"]
[WhiteElo "1710"]
[BlackElo "1541"]
[Opening "Pirc defense"]
[ECO "B07"]
[Time "12:01:20"]
[PlyCount "77"]
[TimeControl "2700+45"]

1. e4 d6 2. d4 Nf6 3. Nc3 Nbd7 4. Bd3 e5 5. d5 Be7 6. h3 c6 7. Nge2 Nc5 8. dxc6
Nxd3+ 9. cxd3 bxc6 10. O-O O-O 11. Ng3 d5 12. Nf5 Bxf5 13. exf5 Qc7 14. Kh1 Nd7
15. f4 Bd6 16. fxe5 Bxe5 17. d4 Bd6 18. Qf3 Rfe8 19. Bg5 Be7 20. f6 Bxf6 21.
Bxf6 Nxf6 22. Rf2 Ne4 23. Nxe4 Rxe4 24. Rd1 Rae8 25. Qc3 Re3 26. Qd2 Qg3 27.
Rdf1 f6 28. Qc2 R8e6 29. Qf5 Qg6 30. Qf4 Qe8 31. Qc7 Qe7 32. Qb8+ Kf7 33. Qf4
R6e4 34. Qf5 h6 35. Qh5+ Ke6 36. Qf5+ Kf7 37. Qh5+ Ke6 38. Qf5+ Kf7 39. Qh5+
{Game drawn by repetition} 1/2-1/2

[Event "Team 45 45 League T96"]
[Site "Internet Chess Club"]
[Date "2023.05.29"]
[Round "3"]
[White "fireball"]
[Black "jjmolina1"]
[Result "1-0"]
[WhiteElo "1523"]
[BlackElo "1547"]
[Opening "Ruy Lopez: closed defense"]
[ECO "C84"]
[Time "12:00:39"]
[PlyCount "117"]
[TimeControl "2700+45"]

1. e4 e5 2. Nf3 Nc6 3. Bb5 a6 4. Ba4 Nf6 5. O-O Be7 6. d3 b5 7. Bb3 d6 8. Nc3
Na5 9. Nd5 Nxb3 10. Nxf6+ Bxf6 11. axb3 Bb7 12. Be3 c5 13. Qd2 b4 14. c3 a5 15.
c4 h6 16. h3 Bc6 17. Nh2 Bd7 18. f4 exf4 19. Bxf4 Be6 20. Qf2 Bd4 21. Be3 Bxe3
22. Qxe3 Qg5 23. Qxg5 hxg5 24. Ra2 Ke7 25. Rfa1 Kf6 26. Rxa5 Rad8 27. Kf2 Rd7
28. Ra6 Rhd8 29. Kg3 Kg6 30. Ng4 f6 31. Ne3 Rh8 32. Rc6 Rhd8 33. Raa6 Kf7 34.
Nf5 Bxf5 35. exf5 g6 36. fxg6+ Kxg6 37. Kf3 Kf5 38. g4+ Kg6 39. Ra1 Re8 40. Rf1
Ra8 41. Re1 Ra2 42. Re6 Rxb2 43. Rcxd6 Rxd6 44. Rxd6 Rxb3 45. Ke3 Ra3 46. Rc6
Ra5 47. d4 Ra3+ 48. Ke4 cxd4 49. Kxd4 Rxh3 50. Rb6 Rh4 51. Rxb4 Rxg4+ 52. Kd5
Rg1 53. c5 g4 54. c6 Kg5 55. c7 Rd1+ 56. Rd4 Rc1 57. Rc4 Rd1+ 58. Ke6 Re1+ 59.
Kf7 {Black resigns} 1-0

[Event "Team 45 45 League T96"]
[Site "Internet Chess Club"]
[Date "2023.05.28"]
[Round "3"]
[White "alexcolins"]
[Black "isolani"]
[Result "0-1"]
[WhiteElo "1357"]
[BlackElo "1462"]
[Opening "English: Bremen, reverse dragon"]
[ECO "A22"]
[Time "17:00:26"]
[PlyCount "76"]
[TimeControl "2700+45"]

1. c4 Nf6 2. Nc3 e5 3. g3 d5 4. cxd5 Nxd5 5. Bg2 c6 6. e4 Nb4 7. Bf1 Be6 8. a3
N4a6 9. b4 Be7 10. Nf3 Bf6 11. b5 Nc5 12. Rb1 O-O 13. d3 Bg4 14. Be3 Bxf3 15.
Qxf3 Nxd3+ 16. Ke2 Qa5 17. Kxd3 Qxa3 18. Kc2 Nd7 19. Bc4 Qe7 20. Rhd1 Nb6 21.
Bxb6 axb6 22. bxc6 Qc5 23. cxb7 Ra3 24. Bb3 Be7 25. b8=Q Rxb8 26. Qxf7+ Kh8 27.
Rd5 Qb4 28. Rb5 Qd6 29. Nd5 Qc6+ 30. Nc3 Rc8 31. Qc4 Qxc4 32. Bxc4 Rxc4 33. R1b3
Ra2+ 34. Kb1 Rxf2 35. Rxb6 h6 36. Nd5 Rxe4 37. Rc3 Bg5 38. h4 Re1+ {White
resigns} 0-1

[Event "Team 45 45 League T96"]
[Site "Internet Chess Club"]
[Date "2023.05.26"]
[Round "3"]
[White "Sandrotov"]
[Black "primerpaso"]
[Result "0-1"]
[WhiteElo "1613"]
[BlackElo "1799"]
[Opening "English: Mikenas-Carls variation"]
[ECO "A18"]
[Time "17:03:16"]
[PlyCount "70"]
[TimeControl "2700+45"]

1. c4 Nf6 2. Nc3 e6 3. e4 d6 4. g3 Be7 5. Bg2 c5 6. Nge2 O-O 7. O-O e5 8. d3 Nc6
9. h3 Rb8 10. Be3 a6 11. a4 Bd7 12. f4 Nd4 13. Bxd4 exd4 14. Nd5 Nxd5 15. exd5
b5 16. axb5 axb5 17. Qd2 bxc4 18. dxc4 Qb6 19. Ra2 Qb3 20. Ra7 Rfd8 21. Rc1 Qxb2
22. Rc2 Qb4 23. Qd3 Qb1+ 24. Kh2 Rb2 25. Be4 h6 26. Qd2 Rxc2 27. Bxc2 Qf1 28.
Qd3 Qxh3+ 29. Kg1 g6 30. Qe4 Bf6 31. Qg2 Qxg2+ 32. Kxg2 Bg4 33. Nc1 Re8 34. Ra6
Re1 35. Nd3 Re2+ {White resigns} 0-1

[Event "Team 45 45 League T96"]
[Site "Internet Chess Club"]
[Date "2023.05.28"]
[Round "3"]
[White "mandrull"]
[Black "dalmata"]
[Result "1/2-1/2"]
[WhiteElo "1637"]
[BlackElo "1521"]
[Opening "Queen's pawn"]
[ECO "A40"]
[Time "05:27:24"]
[PlyCount "68"]
[TimeControl "2700+45"]

1. d4 e6 2. Nf3 d5 3. Bf4 Nf6 4. e3 c5 5. c3 Be7 6. Nbd2 O-O 7. Bd3 c4 8. Bc2 b5
9. O-O Nbd7 10. Ne5 Nxe5 11. Bxe5 Bd6 12. Bxd6 Qxd6 13. e4 Re8 14. e5 Qe7 15.
exf6 Qxf6 16. Nf3 Qh6 17. Qd2 Qxd2 18. Nxd2 a5 19. a3 Bd7 20. f4 Rab8 21. Nf3 f6
22. h3 Rb6 23. Rfe1 Reb8 24. g4 b4 25. axb4 axb4 26. Ra7 R6b7 27. Rea1 bxc3 28.
bxc3 Be8 29. Kf2 Rxa7 30. Rxa7 Rb2 31. Ne1 Bg6 32. f5 exf5 33. Kg1 fxg4 34. Ra8+
Kf7 {Game drawn by mutual agreement} 1/2-1/2

[Event "Team 45 45 League T96"]
[Site "Internet Chess Club"]
[Date "2023.05.27"]
[Round "3"]
[White "Manch"]
[Black "julesraider"]
[Result "0-1"]
[WhiteElo "1425"]
[BlackElo "1578"]
[Opening "Caro-Kann: advance variation"]
[ECO "B12"]
[Time "15:35:24"]
[PlyCount "92"]
[TimeControl "2700+45"]

1. e4 c6 2. d4 d5 3. e5 c5 4. Bb5+ Bd7 5. Nc3 Bxb5 6. Nxb5 a6 7. Nc3 cxd4 8.
Qxd4 e6 9. Bd2 Nc6 10. Qf4 Nge7 11. Nf3 Ng6 12. Qg3 Be7 13. O-O Qc7 14. Rfe1 O-O
15. a3 Rac8 16. Nd1 b5 17. c3 a5 18. h4 Qd8 19. h5 Nh4 20. Nxh4 Bxh4 21. Qg4 Re8
22. Bh6 g6 23. g3 Be7 24. f4 Bf8 25. Bxf8 Kxf8 26. hxg6 hxg6 27. Re2 Ke7 28. Nf2
Rh8 29. Rd1 Rh5 30. Ne4 Qb6+ 31. Nf2 Rch8 32. Kg2 Rh2+ 33. Kf3 R8h5 34. Rdd2 d4
35. Ne4 Rxe2 36. Rxe2 dxc3 37. bxc3 Qg1 38. Nf2 b4 39. axb4 axb4 40. Rb2 bxc3
41. Rb7+ Kf8 42. Ke3 Qc1+ 43. Ke4 Qe1+ 44. Kf3 Rh2 45. Qg5 Qxf2+ 46. Kg4 Qe2#
{White checkmated} 0-1

[Event "Team 45 45 League T96"]
[Site "Internet Chess Club"]
[Date "2023.05.30"]
[Round "3"]
[White "jjmolina1"]
[Black "clarinetref"]
[Result "0-1"]
[WhiteElo "1529"]
[BlackElo "1512"]
[Opening "French: Rubinstein variation"]
[ECO "C10"]
[Time "09:10:52"]
[PlyCount "84"]
[TimeControl "2700+45"]

1. e4 e6 2. d4 d5 3. Nc3 dxe4 4. Nxe4 Nd7 5. Nf3 Ngf6 6. Bd3 Be7 7. Bg5 h6 8.
Bh4 b6 9. Qe2 Bb7 10. c3 Nxe4 11. Bxe4 Bxe4 12. Qxe4 Bxh4 13. Qxh4 Qxh4 14. Nxh4
O-O 15. Nf3 c5 16. O-O-O cxd4 17. Rxd4 Nf6 18. Ne5 Rfd8 19. Rhd1 Rxd4 20. Rxd4
Nd5 21. g3 Rc8 22. Kb1 f6 23. Ng6 Kf7 24. Nh4 Rc7 25. Kc1 b5 26. a3 a5 27. Kd2
Nb6 28. Kc2 Rd7 29. Nf3 e5 30. Rxd7+ Nxd7 31. Nd2 Nb6 32. b3 Ke6 33. c4 bxc4 34.
Nxc4 Nxc4 35. bxc4 Kd6 36. Kc3 Kc5 37. Kb3 f5 38. Kc3 a4 39. Kd3 g5 40. Kc3 e4
41. h3 h5 42. h4 g4 {White resigns} 0-1

[Event "Team 45 45 League T96"]
[Site "Internet Chess Club"]
[Date "2023.05.28"]
[Round "3"]
[White "herrahuu"]
[Black "kabindra"]
[Result "0-1"]
[WhiteElo "1465"]
[BlackElo "1696"]
[Opening "Scotch: Potter variation"]
[ECO "C45"]
[Time "12:00:32"]
[PlyCount "36"]
[TimeControl "2700+45"]

1. e4 e5 2. Nf3 Nc6 3. d4 exd4 4. Nxd4 Bc5 5. Nb3 Bb6 6. Nc3 h6 7. Qe2 a5 8. a4
Nge7 9. Be3 O-O 10. O-O-O d6 11. f3 Re8 12. g4 Be6 13. Nd4 Nxd4 14. Bxd4 Ng6 15.
Bxb6 cxb6 16. Nd5 Qg5+ 17. Kb1 Bxd5 18. Rxd5 Qxd5 {White resigns} 0-1

[Event "Team 45 45 League T96"]
[Site "Internet Chess Club"]
[Date "2023.05.29"]
[Round "3"]
[White "Constrictor"]
[Black "woofgang"]
[Result "1-0"]
[WhiteElo "1441"]
[BlackElo "1195"]
[Opening "Queen's pawn game, Darooha variation "]
[ECO "D11"]
[Time "17:08:25"]
[PlyCount "37"]
[TimeControl "2700+45"]

1. Nf3 d5 2. d4 Nf6 3. c4 c6 4. g3 Bf5 5. Bg2 e6 6. O-O Be7 7. Nc3 O-O 8. Nh4
Bg6 9. Qb3 b6 10. Nxg6 fxg6 11. Bh3 Qc8 12. Bf4 Na6 13. Rac1 Nc7 14. Bxc7 Qxc7
15. Bxe6+ Kh8 16. cxd5 Rad8 17. Rfd1 Rd6 18. e4 Rfd8 19. e5 {Black resigns} 1-0

[Event "Team 45 45 League T96"]
[Site "Internet Chess Club"]
[Date "2023.05.29"]
[Round "3"]
[White "thundercat1"]
[Black "WzeroMN"]
[Result "0-1"]
[WhiteElo "984"]
[BlackElo "959"]
[Opening "Two knights defense (Modern bishop's opening)"]
[ECO "C55"]
[Time "14:04:45"]
[PlyCount "140"]
[TimeControl "2700+45"]

1. e4 e5 2. Nf3 Nc6 3. Bc4 Nf6 4. d3 Be7 5. Ng5 O-O 6. Be3 d6 7. Nd2 a6 8. c3 b5
9. Bd5 Bd7 10. Qb3 Nxd5 11. Qxd5 Bxg5 12. Nf3 Bxe3 13. fxe3 Ne7 14. Qb3 c5 15.
O-O-O Be6 16. c4 Bg4 17. Kb1 Rb8 18. Rd2 bxc4 19. Qxc4 Bxf3 20. gxf3 Qa5 21. Rg2
Qb5 22. Qc3 d5 23. Qxe5 Qxd3+ 24. Ka1 Ng6 25. Qxd5 Qxd5 26. exd5 Ne5 27. Rhg1 g6
28. f4 Nf3 29. Rf1 Nh4 30. Rg4 Nf5 31. Re1 Rbe8 32. e4 Nd6 33. e5 Nf5 34. a3 Nd6
35. Rc1 f5 36. Rgg1 Ne4 37. h4 Nd2 38. Rg3 Ne4 39. Rg2 Rd8 40. d6 h6 41. h5 g5
42. fxg5 Nxg5 43. Rxc5 Rc8 44. Ra5 Rc1+ 45. Ka2 Re8 46. d7 Rd8 47. e6 Kf8 48.
Rxf5+ Ke7 49. Re2 Rc6 50. Rfe5 Nxe6 51. Rg2 Kxd7 52. Rd5+ Rd6 53. Rf5 Rf8 54.
Rff2 Rxf2 55. Rxf2 Rd5 56. Rf7+ Ke8 57. Ra7 Rxh5 58. Rxa6 Re5 59. Ra8+ Kf7 60.
Ra7+ Kf6 61. Rh7 h5 62. Rh6+ Kg7 63. Rxh5 Rxh5 64. a4 Nc5 65. Ka3 Rh4 66. b3 Rh3
67. Kb4 Nxb3 68. Ka3 Nc5+ 69. Kb4 Nxa4 70. Kxa4 Kf6 {White resigns} 0-1

[Event "Team 45 45 League T96"]
[Site "Internet Chess Club"]
[Date "2023.05.28"]
[Round "3"]
[White "ChessG2011"]
[Black "Kingofknights"]
[Result "0-1"]
[WhiteElo "1424"]
[BlackElo "1550"]
[Opening "Caro-Kann: advance variation"]
[ECO "B12"]
[Time "18:30:44"]
[PlyCount "52"]
[TimeControl "2700+45"]

1. e4 c6 2. d4 d5 3. e5 c5 4. c3 Nc6 5. Be3 cxd4 6. cxd4 Bf5 7. Bb5 e6 8. Qc2
Bxc2 9. Nc3 Bb4 10. Kd2 Bg6 11. a3 Bxc3+ 12. Kxc3 Ne7 13. Kd2 a6 14. Ba4 Qa5+
15. Ke2 Qxa4 16. Nf3 Qc2+ 17. Nd2 Qd3+ 18. Ke1 Nxd4 19. Bxd4 Qxd4 20. Nf3 Qc4
21. Nd2 Qf4 22. Nf3 Rc8 23. Rd1 Rc2 24. b4 Qe4+ 25. Kf1 Qe2+ 26. Kg1 Qxf2#
{White checkmated} 0-1

[Event "Team 45 45 League T96"]
[Site "Internet Chess Club"]
[Date "2023.05.27"]
[Round "3"]
[White "DaveTheRook"]
[Black "chesskix"]
[Result "1/2-1/2"]
[WhiteElo "1407"]
[BlackElo "1368"]
[Opening "King's Indian defense, 3.Nc3"]
[ECO "E61"]
[Time "18:30:15"]
[PlyCount "65"]
[TimeControl "2700+45"]

1. d4 Nf6 2. c4 g6 3. Nc3 c5 4. d5 d6 5. f3 Bg7 6. e4 Nbd7 7. Bd3 Ne5 8. Nge2
Nxd3+ 9. Qxd3 Nd7 10. f4 O-O 11. Be3 Nb6 12. O-O Bd7 13. Rab1 a5 14. Nb5 Bh6 15.
b3 Bxb5 16. cxb5 Nd7 17. a4 b6 18. Bd2 Bg7 19. Bc3 e5 20. f5 Qg5 21. Bd2 Qh4 22.
Rf3 Nf6 23. Ng3 Ng4 24. h3 Nh6 25. Be1 Qd8 26. Bd2 f6 27. fxg6 hxg6 28. Rbf1 Nf7
29. Be3 Qe7 30. Qd2 Rae8 31. Qc1 Qd8 32. Qd2 Qe7 33. Qc1 {Game drawn by mutual
agreement} 1/2-1/2

[Event "Team 45 45 League T96"]
[Site "Internet Chess Club"]
[Date "2023.05.27"]
[Round "3"]
[White "Denis240964"]
[Black "kabubi"]
[Result "1-0"]
[WhiteElo "1287"]
[BlackElo "1170"]
[Opening "Ponziani opening"]
[ECO "C44"]
[Time "13:00:08"]
[PlyCount "97"]
[TimeControl "2700+45"]

1. e4 e5 2. Nf3 Nc6 3. c3 d5 4. exd5 Qxd5 5. Qa4 Bd7 6. Bb5 e4 7. Nd4 Nxd4 8.
Bxd7+ Qxd7 9. Qxd7+ Kxd7 10. cxd4 Rd8 11. b3 Kc8 12. Bb2 Nh6 13. O-O Nf5 14. Re1
Nxd4 15. Bxd4 Rxd4 16. Nc3 Bb4 17. a3 Bxc3 18. dxc3 Rd3 19. Rac1 f5 20. g3 Re8
21. Re2 e3 22. Kf1 g5 23. f4 g4 24. b4 Red8 25. Ke1 Rd2 26. Kf1 Rd1+ 27. Re1
Rxc1 28. Rxc1 Rd2 29. Re1 Rd3 30. Rc1 Rd2 31. Re1 Rf2+ 32. Kg1 Rf3 33. Re2 Kd7
34. a4 Kc6 35. c4 b5 36. axb5+ Kb6 37. Kg2 c5 38. bxc6 Kxc6 39. Ra2 Kb6 40. Ra5
e2 41. Re5 Rb3 42. Kf2 Rxb4 43. c5+ Kc6 44. Kxe2 a5 45. Kd3 a4 46. Kc3 Rb5 47.
Kc4 a3 48. Re6+ Kd7 49. Rd6+ {Black resigns} 1-0